 Dungeon Crawl Stone Soup version 0.28-a0-1567-g1695149f81 (webtiles) character file.

Game seed: 18266134756275129723

247 hatsuma the Chiller (level 6, 0/47 HPs)
             Began as a Barachi Ice Elementalist on Jan 20, 2022.
             Was a Priest of Lugonu.
             Slain by an orc (3 damage)
             ... on level 2 of the Dungeon.
             The game lasted 00:15:57 (3222 turns).

hatsuma the Chiller (Barachi Ice Elementalist)      Turns: 3222, Time: 00:15:58

Health: 0/47       AC:  2    Str:  9    XL:     6   Next: 11%
Magic:  0/9        EV: 12    Int: 17    God:    Lugonu [***...]
Gold:   76         SH:  0    Dex: 13    Spells: 5/9 levels left

rFire   . . .      SeeInvis .   d - staff of conjuration
rCold   + . .      Faith    .   (no shield)
rNeg    . . .      Spirit   .   a - +0 robe
rPois   .          Reflect  .   (no helmet)
rElec   .          Harm     .   (no cloak)
rCorr   .          Rampage  .   (no gloves)
Will    .....                   (no boots)
Stlth   ++........              (no amulet)
HPRegen 0.15/turn               g - ring of protection from cold
MPRegen 0.11/turn               (no ring)

@: unable to hop, slow
A: amphibious, slowness 1, strong legs 1, +LOS
a: Hop, Renounce Religion, Depart the Abyss, Bend Space, Banish


You were on level 2 of the Dungeon.
You worshipped Lugonu.
Lugonu was most pleased with you.
You visited 1 branch of the dungeon, and saw 3 of its levels.

You collected 76 gold pieces.

Inventory:

Armour
 a - a +0 robe (worn)
Magical Staves
 d - a staff of conjuration (weapon)
 e - a staff of poison
Jewellery
 g - a ring of protection from cold (left hand)
Scrolls
 c - a scroll of amnesia {unknown}
 f - a scroll of fog {unknown}
 i - a scroll of summoning {unknown}
 j - a scroll of immolation {unknown}
Potions
 b - a potion of mutation {unknown}
 h - a potion of degeneration {unknown}


   Skills:
 - Level 3.2 Fighting
 - Level 2.2 Armour
 - Level 2.1 Dodging
 - Level 1.7 Stealth
 - Level 2.1 Spellcasting
 + Level 7.2 Ice Magic
 - Level 1.0 Invocations


You had 5 spell levels left.
You knew the following spells:

 Your Spells              Type           Power      Damage    Failure   Level
a - Freeze                Ice            100%       1d11      1%          1
b - Frozen Ramparts       Ice            52%        1d7       3%          3

Your spell library contained the following spells:

 Spells                   Type           Power      Damage    Failure   Level
 Ozocubu's Armour         Ice            26%        N/A       3%          3
 Hailstorm                Conj/Ice       21%        3d6       38%         4


Dungeon Overview and Level Annotations

Branches:
Dungeon (3/15)

Altars:
Lugonu

Annotations:
D:3 Grinder, Sigmund


Innate Abilities, Weirdness & Mutations

You are amphibious.
You cover ground slowly.
You can hop short distances.
You have an extended range of vision and can be seen from far away.


Message History

You kill the orc warrior!
Lugonu accepts your kill.
Your Ice Magic skill increases to level 7!
You have reached level 6!
Casting: Freeze (safe; 1% risk of failure)
Confirm with . or Enter, or press ? or * to list all spells.
Aiming: Freeze (safe; 1% risk of failure)
Press: ? - help, Shift-Dir - straight line, f - orc
Aim: an orc, wielding a +0 hand axe and wearing a +2 ring mail of cold resistance You freeze the orc.
The orc resists.
The orc is moderately wounded.
The orc hits you with a +0 hand axe.
You hit the orc but do no damage.
The orc is moderately wounded.
The orc hits you with a +0 hand axe.
* * * LOW HITPOINT WARNING * * *
The orc misses you.
You hit the orc but do no damage.
The orc is moderately wounded.
The orc hits you with a +0 hand axe!
* * * LOW HITPOINT WARNING * * *
Casting: Freeze (safe; 1% risk of failure)
Confirm with . or Enter, or press ? or * to list all spells.
Aiming: Freeze (safe; 1% risk of failure)
Press: ? - help, Shift-Dir - straight line, f/p - orc
Aim: an orc, wielding a +0 hand axe and wearing a +2 ring mail of cold resistance (moderately wounded)
You freeze the orc.
The orc resists.
The orc is heavily wounded.
The orc closely misses you.
Your frozen ramparts will break if you move.
Continue?
Uppercase [Y]es or [N]o only, please.
Your frozen ramparts will break if you move.
Continue?
The frozen ramparts melt away as you move.
Casting: Freeze (safe; 1% risk of failure)
Confirm with . or Enter, or press ? or * to list all spells.
Okay, then.
You barely miss the orc.
The orc is heavily wounded.
The orc hits you with a +0 hand axe.
You die...

...............####.#.#.#..###.#.
#..........###.# #.#.......##.#.
...........# #.# #.###.....##.#.
...........# #.# #.# #.....##.#.
...........# #.# #.# #.....##.#>
...........###<# #.####.......#.
.#########.....# #............#.
.########......#######.....#.###.
###............o@..........#.# #.
#.#####......######......#.###. #
#.# ##.....))....#......#.#...
###.####...............#.#.#.#.##
.........#...............#.#.....
.........#...............#.#.#.#.
......(.....#.#####.#..........#.
...........>...# #.#..#.#.#####.
.........#.##..####.#..#.#.......


You could see an orc.

Vanquished Creatures
  An orc warrior (D:2)
  Natasha (thrice) (D:2)
  An adder (D:2)
  2 worms (D:2)
  A dart slug (D:2)
  An orc (D:2)
  6 endoplasms
  3 giant cockroaches
  6 goblins
  5 hobgoblins
  5 jackals (D:1)
  6 kobolds
  3 quokkas
  A ball python (D:1)
  4 bats
  8 frilled lizards (D:1)
  8 rats
64 creatures vanquished.

Notes
Turn   | Place    | Note
-------+----------+-------------------------------------------
     0 | D:1      | hatsuma the Barachi Ice Elementalist began the quest for
                  | the Orb.
     0 | D:1      | Reached XP level 1. HP: 13/13 MP: 3/3
    40 | D:1      | Reached skill level 1 in Fighting
   351 | D:1      | Reached XP level 2. HP: 22/22 MP: 1/5
   467 | D:1      | Reached skill level 1 in Armour
   578 | D:1      | Reached XP level 3. HP: 19/27 MP: 3/6
   733 | D:1      | Found a faded altar of an unknown god.
   928 | D:1      | Prayed at the altar of an unknown god.
   928 | D:1      | Became a worshipper of Lugonu the Unformed
   928 | D:1      | Reached * piety under Lugonu
   928 | D:1      | Reached ** piety under Lugonu
  1321 | D:2      | Reached skill level 1 in Invocations
  1491 | D:2      | Noticed Natasha
  1501 | D:2      | HP: 1/27 [Natasha/magic dart (5)]
  1502 | D:2      | Killed Natasha
  1503 | D:2      | Reached XP level 4. HP: 1/35 MP: 3/7
  1823 | D:2      | Reached skill level 5 in Ice Magic
  1830 | D:2      | Learned a level 3 spell: Frozen Ramparts
  2104 | D:2      | Noticed Natasha
  2113 | D:2      | Killed Natasha
  2219 | D:2      | Noticed Natasha
  2223 | D:2      | Killed Natasha
  2224 | D:2      | Reached XP level 5. HP: 21/41 MP: 3/8
  2226 | D:2      | Reached skill level 6 in Ice Magic
  2860 | D:2      | Reached *** piety under Lugonu
  3184 | D:3      | Noticed Grinder
  3200 | D:3      | Noticed an orc warrior
  3203 | D:3      | Noticed Sigmund
  3215 | D:2      | Killed an orc warrior
  3216 | D:2      | Reached skill level 7 in Ice Magic
  3216 | D:2      | Reached XP level 6. HP: 18/47 MP: 1/9
  3218 | D:2      | HP: 2/47 [orc (7)]
  3222 | D:2      | Slain by an orc

Illustrated notes

Levels and vault maps discovered:
D:1:      sevenhm_arrival_forest_fort_small_4, layout_rooms,
          hellmonk_ecumenical_altar_crossroads, minmay_small_reverse_x
D:2:      layout_basic, uniq_natasha
D:3:      layout_loops_ring, portal_sewer_entry_d, minmay_misc_feat_square,
          nicolae_figureground_sparkle, uniq_grinder, uniq_sigmund

Skill      XL: |  1  2  3  4  5 |
---------------+----------------+-----
Fighting       | 2 3 |  3.2
Armour         | 2 |  2.2
Invocations    | 1 |  1.0
Ice Magic      | 5 7 |  7.2
Dodging        | |  2.1
Stealth        | |  1.7
Spellcasting   | |  2.1

Action                   |  1- 3 |  4- 6 || total
-------------------------+-------+-------++-------
Melee: Unarmed           |     9 |       ||     9
       Staff             |    58 |    38 ||    96
 Cast: Freeze            |    37 |    24 ||    61
       Frozen Ramparts   |       |     8 ||     8
 Abil: Hop               |     1 |     3 ||     4
  Use: Scroll            |     1 |       ||     1
 Stab: Sleeping          |     3 |     1 ||     4
Armor: Robe              |    20 |     9 ||    29
Dodge: Dodged            |    57 |    42 ||    99

Table legend: (Time is in decaauts)
 A = Elapsed time spent in this place.
 B = Non-inter-level travel time spent in this place.
 C = Inter-level travel time spent in this place.
 D = Time resting spent in this place.
 E = Time spent auto-exploring this place.
 F = Levels seen in this place.
 G = Mean time per level.
                   A        B        C        D        E       F      G
               +--------+--------+--------+--------+--------+-----+--------+
         Total |   3490 |   3428 |     62 |    956 |   1811 |   3 | 1163.3 |
       Dungeon |   3490 |   3428 |     62 |    956 |   1811 |   3 | 1163.3 |
               +--------+--------+--------+--------+--------+-----+--------+

Top non-repeatable levels by time:
     D:2: 2045 daAuts
     D:1: 1393 daAuts
     D:3: 50 daAuts
